[Event "African Games-chT 2019"]
[Site "Casablanca"]
[Date "2019.08.24"]
[Round "5.25"]
[White "Amba, Oyon Marius Claude"]
[Black "Mesfin, Leykun"]
[Result "1/2-1/2"]
[ECO "B93"]
[WhiteElo "1911"]
[BlackElo "2151"]
[Annotator "NA"]
[PlyCount "127"]
[EventDate "2019.08.24"]
[EventType "team-tourn"]
[EventCountry "MAR"]
[SourceTitle "playchess.com"]
[Source "ChessBase"]
[SourceQuality "1"]
[WhiteTeam "CMR"]
[BlackTeam "Ethiopia"]
[BlackTeamCountry "ETH"]
[TimeControl "900+10"]

1. e4 c5 2. Nf3 d6 3. d4 cxd4 4. Nxd4 Nf6 5. Nc3 a6 6. f4 e5 7. Nf3 Qc7 8. Bd3 Nc6 9. O-O Be7 10. Kh1 Bd7 11. Qe1 O-O-O 12. a3 Bg4 13. fxe5 dxe5 14. Bg5 Bxf3 15. Rxf3 Nd4 16. Rf1 Kb8 17. Bxf6 Bxf6 18. Nd5 Qd6 19. Qf2 Rc8 20. Rac1 Bg5 21. Rcd1 f6 22. c3 Ne6 23. Bc2 Qc5 24. Qxc5 Rxc5 25. b4 Rcc8 26. Bb3 Nf4 27. c4 Ne2 28. c5 Nd4 29. Ba4 Rcd8 30. Nb6 Kc7 31. Nc4 h5 32. Nd6 b5 33. Rxd4 exd4 34. Bb3 Rxd6 35. cxd6+ Kxd6 36. Rf5 Be3 37. Rd5+ Kc6 38. g3 h4 39. Kg2 hxg3 40. hxg3 Re8 41. Kf3 Kc7 42. a4 Re5 43. axb5 axb5 44. Bc2 Rxd5 45. exd5 Kd6 46. Ke4 Bf2 47. g4 Be1 48. Bd3 Bxb4 49. Bxb5 Bc5 50. Bc4 g6 51. Bb5 Bb6 52. Be8 g5 53. Bc6 Bc5 54. Ba4 Ke7 55. Bb3 Kd6 56. Bc4 Bb6 57. Bd3 Ke7 58. Kf5 Bc7 59. Bc4 Be5 60. Bd3 Kd6 61. Ke4 Kc5 62. Ba6 Bf4 63. Bd3 Be5 64. Ba6 1/2-1/2

[Event "African Games-chT 2019"]
[Site "Casablanca"]
[Date "2019.08.24"]
[Round "5.26"]
[White "Gole, Habtamu Ashenafi"]
[Black "Ebosse, Kingue Victor Patric"]
[Result "1/2-1/2"]
[ECO "B52"]
[WhiteElo "2046"]
[BlackElo "2055"]
[Annotator "NA"]
[PlyCount "109"]
[EventDate "2019.08.24"]
[EventType "team-tourn"]
[EventCountry "MAR"]
[SourceTitle "playchess.com"]
[Source "ChessBase"]
[SourceQuality "1"]
[WhiteTeam "Ethiopia"]
[BlackTeam "CMR"]
[WhiteTeamCountry "ETH"]
[TimeControl "900+10"]

1. e4 c5 2. Nf3 d6 3. Bb5+ Bd7 4. Bxd7+ Nxd7 5. O-O Ngf6 6. Re1 g6 7. c3 Bg7 8. d4 cxd4 9. cxd4 O-O 10. Nc3 Rc8 11. h3 a6 12. Be3 b5 13. a3 Nb6 14. Nd2 e5 15. dxe5 dxe5 16. Qb3 Nh5 17. Rad1 Qc7 18. Nf3 Nc4 19. Nd5 Qb7 20. Bg5 Kh8 21. Nd2 Na5 22. Qb4 Nc6 23. Qb3 Nd4 24. Qd3 f5 25. f3 Ne6 26. Be3 fxe4 27. fxe4 Nhf4 28. Qb3 Nc5 29. Bxc5 Rxc5 30. Qe3 Rcc8 31. Nf3 Rc2 32. Rd2 Rxd2 33. Qxd2 Nxh3+ 34. gxh3 Rxf3 35. Kg2 Rf8 36. Rc1 Qf7 37. Qe2 Bh6 38. Rc7 Qe6 39. Qg4 Qxg4+ 40. hxg4 Bg5 41. b4 Kg8 42. Rc6 Ra8 43. Nb6 Rd8 44. Nd5 Ra8 45. Nc7 Rd8 46. Nd5 Ra8 47. Nb6 Ra7 48. Nd5 a5 49. Rb6 axb4 50. axb4 Ra2+ 51. Kf3 Ra3+ 52. Kg2 Ra2+ 53. Kf3 Ra3+ 54. Kg2 Ra2+ 55. Kf3 1/2-1/2

[Event "African Games-chT 2019"]
[Site "Casablanca"]
[Date "2019.08.24"]
[Round "5.27"]
[White "Magne, Kouokam Sylviane"]
[Black "Haile, Lidet Abate"]
[Result "0-1"]
[ECO "D30"]
[WhiteElo "1317"]
[BlackElo "1593"]
[Annotator "NA"]
[PlyCount "116"]
[EventDate "2019.08.24"]
[EventType "team-tourn"]
[EventCountry "MAR"]
[SourceTitle "playchess.com"]
[Source "ChessBase"]
[SourceQuality "1"]
[WhiteTeam "CMR"]
[BlackTeam "Ethiopia"]
[BlackTeamCountry "ETH"]
[TimeControl "900+10"]

1. d4 d5 2. c4 e6 3. cxd5 exd5 4. Nc3 Nc6 5. Nf3 Nf6 6. e3 Bg4 7. Be2 Be7 8. O-O O-O 9. a3 h6 10. b4 a6 11. Bb2 Na7 12. Rc1 c6 13. h3 Bh5 14. Ne5 Bxe2 15. Nxe2 Bd6 16. Ng3 Qc7 17. f4 Nb5 18. Nf5 Qc8 19. Qc2 Ne4 20. Nh4 Qd8 21. Nhf3 Bc7 22. Qe2 Re8 23. Nh2 Ng3 24. Qf3 Nxf1 25. Rxf1 Qe7 26. Qh5 f6 27. Neg4 Qf7 28. Qf5 Nd6 29. Qd3 Nc4 30. Bc1 Qe7 31. Re1 Qe4 32. Qe2 Re7 33. Nf2 Qe6 34. Nhg4 Rae8 35. e4 dxe4 36. Be3 Nxe3 37. Nxe3 Bxf4 38. Nfg4 Bxe3+ 39. Nxe3 f5 40. Rf1 Rf8 41. h4 f4 42. Nc4 Qd5 43. Ne5 Qxd4+ 44. Kh1 Qxe5 45. Qc4+ Qd5 46. Qe2 Ref7 47. Kh2 f3 48. gxf3 exf3 49. Qf2 Qd6+ 50. Kh1 Qg6 51. Rg1 Qh5 52. Rg3 Qxh4+ 53. Kg1 Qh5 54. Kf1 Qh1+ 55. Rg1 Qh3+ 56. Ke1 Rd8 57. Qa2 Qh4+ 58. Kf1 Rd1# 0-1

[Event "African Games-chT 2019"]
[Site "Casablanca"]
[Date "2019.08.24"]
[Round "5.28"]
[White "Eshete, Ruth Leykun"]
[Black "Youwou Pedhom, Grace Christie"]
[Result "0-1"]
[ECO "E90"]
[WhiteElo "1495"]
[BlackElo "1640"]
[Annotator "NA"]
[PlyCount "117"]
[EventDate "2019.08.24"]
[EventType "team-tourn"]
[EventCountry "MAR"]
[SourceTitle "playchess.com"]
[Source "ChessBase"]
[SourceQuality "1"]
[WhiteTeam "Ethiopia"]
[WhiteTeamCountry "ETH"]
[TimeControl "900+10"]

1. d4 Nf6 2. c4 g6 3. Nc3 Bg7 4. e4 d6 5. Nf3 O-O 6. Bd3 Re8 7. O-O Bg4 8. h3 Bxf3 9. Qxf3 e5 10. d5 Nbd7 11. Bg5 c6 12. Rac1 h6 13. Be3 cxd5 14. cxd5 b6 15. Nb5 Nc5 16. Bb1 Re7 17. b4 Ncd7 18. Rc6 a6 19. Nxd6 b5 20. Nb7 Qf8 21. Nc5 Nb8 22. Rxf6 Bxf6 23. Qxf6 Nd7 24. Nxd7 Rxd7 25. Qxe5 Re8 26. Qf4 h5 27. a3 f6 28. Rc1 Qg7 29. Bd4 Rf7 30. Rc6 g5 31. Qf5 Ref8 32. Rxa6 h4 33. Rb6 Qh6 34. Be3 Kh8 35. Rxb5 Rg7 36. d6 Qg6 37. Qxg6 Rxg6 38. d7 Rg7 39. Rd5 Rd8 40. b5 Rgxd7 41. Rxd7 Rxd7 42. Bc2 Rc7 43. Ba4 Rc3 44. b6 Rc8 45. b7 Rb8 46. Bc6 Kg8 47. Ba7 Rxb7 48. Bxb7 Kf7 49. Bd5+ Ke7 50. a4 Kd6 51. a5 f5 52. a6 fxe4 53. Bxe4 Kc7 54. Bd4 Kb8 55. a7+ Kc7 56. a8=Q Kd7 57. Qc6+ Ke7 58. Bf6+ Kf7 59. Bxg5 0-1

[Event "African Games-chT 2019"]
[Site "Casablanca"]
[Date "2019.08.24"]
[Round "5.30"]
[White "Traore, Bakary"]
[Black "Naipal, Hoolan"]
[Result "1-0"]
[ECO "C94"]
[WhiteElo "2189"]
[BlackElo "1785"]
[Annotator "NA"]
[PlyCount "76"]
[EventDate "2019.08.24"]
[EventType "team-tourn"]
[EventCountry "MAR"]
[SourceTitle "playchess.com"]
[Source "ChessBase"]
[SourceQuality "1"]
[WhiteTeam "Mali"]
[BlackTeam "Mauritius"]
[WhiteTeamCountry "MLI"]
[BlackTeamCountry "MRI"]
[TimeControl "900+10"]

1. e4 e5 2. Nf3 Nc6 3. Bb5 a6 4. Ba4 Nf6 5. O-O Be7 6. Re1 b5 7. Bb3 d6 8. c3 O-O 9. h3 Nb8 10. d3 Nbd7 11. Nbd2 Bb7 12. Nf1 Re8 13. Ng3 Nc5 14. Bc2 g6 15. Bh6 Bf8 16. Qd2 Bxh6 17. Qxh6 Qe7 18. b4 Ncd7 19. Bb3 Qf8 20. Qg5 Qg7 21. a4 h6 22. Qd2 c5 23. axb5 axb5 24. Ra5 cxb4 25. cxb4 Rxa5 26. bxa5 Nc5 27. Bc2 Ra8 28. Ra1 Nfd7 29. Qb4 Ba6 30. Nf1 Nf8 31. Ne3 Nfe6 32. Nd5 Rb8 33. Rd1 Qf8 34. d4 exd4 35. Nxd4 Nxd4 36. Qxd4 Qg7 37. Nf6+ Kh8 38. Qxd6 b4 1-0

[Event "African Games-chT 2019"]
[Site "Casablanca"]
[Date "2019.08.24"]
[Round "5.33"]
[White "Kourakoumba, Florent"]
[Black "Asante Debesai Zerabruk"]
[Result "1-0"]
[ECO "B12"]
[WhiteElo "1677"]
[BlackElo "1712"]
[Annotator "NA"]
[PlyCount "199"]
[EventDate "2019.08.24"]
[EventType "team-tourn"]
[EventCountry "MAR"]
[SourceTitle "playchess.com"]
[Source "ChessBase"]
[SourceQuality "1"]
[WhiteTeam "CAF"]
[BlackTeam "Eritrea"]
[BlackTeamCountry "ERI"]
[TimeControl "900+10"]

1. e4 c6 2. d4 d5 3. e5 Bf5 4. Nf3 e6 5. h3 h6 6. Be2 Nd7 7. O-O a6 8. Bd3 Bxd3 9. Qxd3 c5 10. c3 Ne7 11. Be3 c4 12. Qe2 Ng6 13. Nbd2 Be7 14. Nh2 Qc7 15. f4 O-O-O 16. b3 Nb6 17. a4 cxb3 18. Nxb3 Qc4 19. Qxc4+ Nxc4 20. Bd2 f5 21. Bc1 Kb8 22. Rf3 Nf8 23. Nd2 Rc8 24. Nxc4 Rxc4 25. Bd2 g5 26. g3 Ng6 27. Kh1 Rhc8 28. a5 Ka7 29. Rff1 R8c6 30. Rfb1 b6 31. axb6+ Rxb6 32. Rxb6 Kxb6 33. Nf1 gxf4 34. gxf4 Nh4 35. Ne3 Rc8 36. Rb1+ Ka7 37. Rf1 Rb8 38. Ng2 Nxg2 39. Kxg2 Rb2 40. Rf2 Bh4 41. Re2 Be1 42. Rxe1 Rxd2+ 43. Kg3 Rc2 44. Re3 a5 45. Kh4 a4 46. Kh5 a3 47. Kxh6 Rh2 48. Kg6 a2 49. Re1 Rxh3 50. Ra1 Rh2 51. Kf6 Rh6+ 52. Ke7 Kb6 53. Rxa2 Kb7 54. Rb2+ Kc7 55. Rb4 Kc6 56. Ra4 Kb7 57. Rb4+ Kc6 58. Rb8 Rg6 59. Rf8 Rg4 60. Kxe6 Rxf4 61. Rxf5 Rh4 62. Rf6 Rh3 63. Kf5+ Kc7 64. Rd6 Rf3+ 65. Ke6 Rxc3 66. Kxd5 Ra3 67. Rh6 Ra5+ 68. Ke4 Ra4 69. Rf6 Kd7 70. Rd6+ Ke7 71. Rb6 Kd7 72. Rb7+ Ke6 73. Rb6+ Kd7 74. Rd6+ Ke7 75. Kf5 Ra1 76. Re6+ Kf7 77. Rf6+ Ke7 78. Rb6 Rf1+ 79. Ke4 Re1+ 80. Kd5 Ra1 81. Rb7+ Ke8 82. Ke6 Ra6+ 83. Kf5 Rh6 84. d5 Rh5+ 85. Ke4 Rh4+ 86. Kd3 Rh5 87. Kd4 Rh4+ 88. Kc5 Rh1 89. Kd6 Rh6+ 90. e6 Kf8 91. Rb8+ Kg7 92. Rb7+ Kf8 93. Rb8+ Kg7 94. Kd7 Rh7 95. e7 Kf6 96. d6 Ke5 97. Rb6 Kf6 98. Kd8 Rxe7 99. dxe7+ Kg7 100. Rb7 1-0

[Event "African Games-chT 2019"]
[Site "Casablanca"]
[Date "2019.08.25"]
[Round "6.2"]
[White "Amin, Bassem"]
[Black "Mushore, Emarald Takudzwa"]
[Result "0-1"]
[ECO "A05"]
[WhiteElo "2692"]
[BlackElo "2198"]
[Annotator "RC"]
[PlyCount "84"]
[EventDate "2019.08.24"]
[EventType "team-tourn"]
[EventCountry "MAR"]
[SourceTitle "playchess.com"]
[Source "ChessBase"]
[SourceQuality "1"]
[WhiteTeam "Egypt"]
[BlackTeam "Zimbabwe"]
[WhiteTeamCountry "EGY"]
[BlackTeamCountry "ZIM"]
[TimeControl "900+10"]

1. Nf3 Nf6 2. g3 e6 3. Bg2 d5 4. O-O b5 5. d3 Bb7 6. Nbd2 Be7 7. e4 O-O 8. e5 Nfd7 9. Re1 c5 10. Nf1 Nc6 11. h4 Qc7 12. Bf4 Rfe8 13. N1h2 Nb6 14. c3 d4 15. Ng5 Bxg5 16. hxg5 Ne7 17. Qh5 Ng6 18. cxd4 cxd4 19. Ng4 Bxg2 20. Kxg2 Nd5 21. Re4 Qc2 22. Rh1 Qxd3 23. f3 Ngxf4+ 24. Rxf4 Nxf4+ 25. gxf4 Rac8 26. Nf2 Rc2 27. Kg3 Qg6 28. Qg4 Rd8 29. Ne4 d3 30. Nd6 d2 31. Rd1 Rc1 32. Rxd2 Rg1+ 33. Rg2 Rxg2+ 34. Kxg2 Qc2+ 35. Kg3 Qxb2 36. Qh5 Rd7 37. Qh1 Rc7 38. Ne4 Rc1 39. Qh3 Rg1+ 40. Kh4 Qg2 41. Qxg2 Rxg2 42. a3 a5 0-1

[Event "African Games-chT 2019"]
[Site "Casablanca"]
[Date "2019.08.25"]
[Round "6.3"]
[White "Shaba, Linda"]
[Black "Wafa, Shrook"]
[Result "0-1"]
[ECO "E16"]
[WhiteElo "1615"]
[BlackElo "2183"]
[Annotator "NA"]
[PlyCount "100"]
[EventDate "2019.08.24"]
[EventType "team-tourn"]
[EventCountry "MAR"]
[SourceTitle "playchess.com"]
[Source "ChessBase"]
[SourceQuality "1"]
[WhiteTeam "Zimbabwe"]
[BlackTeam "Egypt"]
[WhiteTeamCountry "ZIM"]
[BlackTeamCountry "EGY"]
[TimeControl "900+10"]

1. d4 Nf6 2. c4 e6 3. Nf3 Bb4+ 4. Bd2 Qe7 5. Nc3 O-O 6. g3 d6 7. Bg2 e5 8. dxe5 dxe5 9. O-O a5 10. Qc2 Nc6 11. a3 Bc5 12. Nd5 Nxd5 13. cxd5 Nd4 14. Nxd4 exd4 15. Rfe1 Bb6 16. e3 Qf6 17. Bc1 Bg4 18. e4 d3 19. Qd2 Be2 20. Rxe2 dxe2 21. Qxe2 Bd4 22. Rb1 c6 23. dxc6 bxc6 24. Be3 Rab8 25. Bxd4 Qxd4 26. Qc2 c5 27. b3 Rfd8 28. Bf1 a4 29. Bc4 Qd2 30. Qxd2 Rxd2 31. Bd5 axb3 32. Rxb3 Rxb3 33. Bxb3 Rd3 34. Bd5 Rxa3 35. Kf1 Kf8 36. Ke2 Ke7 37. f4 f6 38. Kf2 Rd3 39. Ke2 Rxd5 40. exd5 Kd6 41. g4 Kxd5 42. Ke3 Kc4 43. Ke4 Kb3 44. Kf5 c4 45. Ke6 c3 46. Kf7 c2 47. Kxg7 c1=Q 48. g5 fxg5 49. f5 Qc7+ 50. Kh6 Qf7 0-1

[Event "African Games-chT 2019"]
[Site "Casablanca"]
[Date "2019.08.25"]
[Round "6.4"]
[White "Wafa, Shahenda"]
[Black "Wakuruwarewa, Colletta"]
[Result "1-0"]
[ECO "C11"]
[WhiteElo "2139"]
[BlackElo "1587"]
[Annotator "NA"]
[PlyCount "79"]
[EventDate "2019.08.24"]
[EventType "team-tourn"]
[EventCountry "MAR"]
[SourceTitle "playchess.com"]
[Source "ChessBase"]
[SourceQuality "1"]
[WhiteTeam "Egypt"]
[BlackTeam "Zimbabwe"]
[WhiteTeamCountry "EGY"]
[BlackTeamCountry "ZIM"]
[TimeControl "900+10"]

1. e4 e6 2. d4 d5 3. Nc3 Nf6 4. e5 Nfd7 5. f4 c5 6. Nf3 Nc6 7. Be3 Be7 8. Qd2 a6 9. dxc5 Nxc5 10. O-O-O b5 11. Qf2 b4 12. Nxd5 Nb3+ 13. axb3 exd5 14. Bb6 Qd7 15. Bc4 Qf5 16. Bxd5 Bd7 17. Nd4 Nxd4 18. Qxd4 Rc8 19. Bc4 Be6 20. Bd3 Qg4 21. Rhg1 O-O 22. Kb1 Rc6 23. h3 Qg3 24. Qe4 g6 25. Qxc6 Qxf4 26. Qe4 Qg3 27. Qe3 Qg5 28. Qxg5 Bxg5 29. Bxa6 Rb8 30. Bc5 Bf5 31. Bd3 Be6 32. Bc4 Bxc4 33. bxc4 b3 34. cxb3 Rxb3 35. Bd6 Be3 36. Rge1 Bf2 37. Re2 Bh4 38. c5 f6 39. c6 fxe5 40. c7 1-0

[Event "African Games-chT 2019"]
[Site "Casablanca"]
[Date "2019.08.25"]
[Round "6.5"]
[White "Bellahcene, Bilel"]
[Black "Aderito, Pedro"]
[Result "1-0"]
[ECO "B12"]
[WhiteElo "2550"]
[BlackElo "2301"]
[Annotator "ChessBase"]
[PlyCount "41"]
[EventDate "2019.08.24"]
[EventType "team-tourn"]
[EventCountry "MAR"]
[SourceTitle "playchess.com"]
[Source "ChessBase"]
[SourceQuality "1"]
[WhiteTeam "Algeria"]
[BlackTeam "Angola"]
[WhiteTeamCountry "ALG"]
[BlackTeamCountry "ANG"]
[TimeControl "900+10"]

1. e4 c6 2. d4 d5 3. e5 Bf5 4. h4 h5 5. Bd3 Bxd3 6. Qxd3 e6 7. Bg5 Qb6 8. Nd2 Ne7 9. Ne2 Nf5 10. O-O Qa6 11. c4 Nd7 12. b3 Rc8 13. Ng3 g6 14. Nxf5 gxf5 15. a4 c5 16. Rac1 Rc6 17. Rfd1 cxd4 18. Qxd4 Bc5 19. Qf4 Nb6 20. Nf3 dxc4 21. Rd8# 1-0

[Event "African Games-chT 2019"]
[Site "Casablanca"]
[Date "2019.08.25"]
[Round "6.6"]
[White "Silva, David"]
[Black "Arab, Adlane"]
[Result "1/2-1/2"]
[ECO "B61"]
[WhiteElo "2239"]
[BlackElo "2485"]
[Annotator "ChessBase"]
[PlyCount "113"]
[EventDate "2019.08.24"]
[EventType "team-tourn"]
[EventCountry "MAR"]
[SourceTitle "playchess.com"]
[Source "ChessBase"]
[SourceQuality "1"]
[WhiteTeam "Angola"]
[BlackTeam "Algeria"]
[WhiteTeamCountry "ANG"]
[BlackTeamCountry "ALG"]
[TimeControl "900+10"]

1. e4 c5 2. Nf3 d6 3. d4 cxd4 4. Nxd4 Nf6 5. Nc3 Nc6 6. Bg5 Bd7 7. Qd2 Rc8 8. O-O-O Nxd4 9. Qxd4 Qa5 10. Bd2 e6 11. Kb1 Qc5 12. Qxc5 dxc5 13. f3 a6 14. g4 Bc6 15. Bf4 Be7 16. h4 O-O 17. Be2 Rfd8 18. Rxd8+ Rxd8 19. Rd1 Rxd1+ 20. Nxd1 Nd7 21. Bg3 Kf8 22. Ne3 b5 23. c4 b4 24. h5 h6 25. Bc7 Ke8 26. Kc2 Bd8 27. Bd6 Be7 28. Bg3 Kd8 29. Ng2 Bf6 30. Ne1 Bd4 31. Nd3 e5 32. Bf1 a5 33. Bh3 f6 34. Bf1 Nf8 35. Nc1 Ne6 36. Ne2 Ba4+ 37. b3 Be8 38. Bg2 Ke7 39. Kd3 a4 40. f4 axb3 41. axb3 exf4 42. Nxf4 Nxf4+ 43. Bxf4 Bd7 44. Bf3 Ke6 45. Bc7 Be5 46. Bd8 Bd6 47. g5 f5 48. Ke3 hxg5 49. Bxg5 Be5 50. h6 gxh6 51. Bxh6 Bd4+ 52. Kd3 Be8 53. Bd2 Be5 54. Bg2 Bh5 55. exf5+ Kxf5 56. Be4+ Ke6 57. Kc2 1/2-1/2

[Event "African Games-chT 2019"]
[Site "Casablanca"]
[Date "2019.08.25"]
[Round "6.7"]
[White "Nassr, Lina"]
[Black "Caxita, Esperanca"]
[Result "1/2-1/2"]
[ECO "A46"]
[WhiteElo "1938"]
[BlackElo "1803"]
[Annotator "NA"]
[PlyCount "106"]
[EventDate "2019.08.24"]
[EventType "team-tourn"]
[EventCountry "MAR"]
[SourceTitle "playchess.com"]
[Source "ChessBase"]
[SourceQuality "1"]
[WhiteTeam "Algeria"]
[BlackTeam "Angola"]
[WhiteTeamCountry "ALG"]
[BlackTeamCountry "ANG"]
[TimeControl "900+10"]

1. d4 Nf6 2. Nf3 e6 3. e3 c5 4. Bd3 Nc6 5. O-O d5 6. b3 cxd4 7. exd4 Bd6 8. Bb2 O-O 9. a3 Ne7 10. Nbd2 Bd7 11. Ne5 Ng6 12. f4 a6 13. Qe2 Rc8 14. g3 Qb6 15. Ndf3 Bb5 16. c4 dxc4 17. bxc4 Bc6 18. c5 Bxc5 19. dxc5 Qxc5+ 20. Bd4 Bxf3 21. Nxf3 Qd6 22. Rfd1 Qe7 23. Qb2 Rfd8 24. a4 Rd7 25. Rac1 Rdd8 26. Bb1 Nd5 27. Be4 f6 28. Bxd5 exd5 29. Bb6 Rxc1 30. Rxc1 Rd7 31. Qd4 Kf7 32. Re1 Qd6 33. Bc5 Qc6 34. Qe3 Rc7 35. f5 Qxc5 36. fxg6+ hxg6 37. Nd4 Re7 38. Qxe7+ Qxe7 39. Rxe7+ Kxe7 40. Kf2 Kd6 41. Nb3 g5 42. Ke3 f5 43. Kd4 b6 44. Nd2 f4 45. gxf4 gxf4 46. h4 b5 47. a5 b4 48. Nf3 Kc6 49. Nd2 g6 50. Nb3 Kd6 51. Nd2 Kc6 52. Nb3 Kd6 53. Nd2 Kc6 1/2-1/2

[Event "African Games-chT 2019"]
[Site "Casablanca"]
[Date "2019.08.25"]
[Round "6.8"]
[White "Pires, Luzia"]
[Black "Latreche, Sabrina"]
[Result "1/2-1/2"]
[ECO "C20"]
[WhiteElo "1924"]
[BlackElo "2064"]
[Annotator "NA"]
[PlyCount "158"]
[EventDate "2019.08.24"]
[EventType "team-tourn"]
[EventCountry "MAR"]
[SourceTitle "playchess.com"]
[Source "ChessBase"]
[SourceQuality "1"]
[WhiteTeam "Angola"]
[BlackTeam "Algeria"]
[WhiteTeamCountry "ANG"]
[BlackTeamCountry "ALG"]
[TimeControl "900+10"]

1. e4 e5 2. g3 Nf6 3. d3 Bc5 4. Bg2 d6 5. Nf3 Nc6 6. h3 h6 7. O-O O-O 8. Kh2 Ne7 9. Nc3 Ng6 10. Ne2 c6 11. Nd2 Nh7 12. Nb3 Bb6 13. f4 exf4 14. Nxf4 Nxf4 15. Bxf4 Be6 16. Nd2 d5 17. exd5 Bxd5 18. Ne4 f5 19. Nc3 Bxg2 20. Kxg2 Nf6 21. Qf3 Nd5 22. Nxd5 Qxd5 23. Qxd5+ cxd5 24. Rae1 Rfe8 25. Be5 g6 26. d4 Re6 27. c3 Rae8 28. Rd1 Bd8 29. Rd2 Bf6 30. Bxf6 Rxf6 31. h4 h5 32. Kf3 Rfe6 33. Rff2 Re3+ 34. Kg2 R8e4 35. Rf3 Kf7 36. Rxe3 Rxe3 37. Kf2 f4 38. gxf4 Rh3 39. Re2 Rxh4 40. Kg3 Rg4+ 41. Kf3 g5 42. fxg5 Rxg5 43. Kf4 Rg4+ 44. Kf5 Rg1 45. Rh2 Rb1 46. Kg5 Ke6 47. Kxh5 a5 48. Kg5 Rg1+ 49. Kf4 Rf1+ 50. Ke3 Rf6 51. Rh7 b6 52. Rb7 Kf5 53. Re7 Rd6 54. Re5+ Kf6 55. Kd3 b5 56. b3 a4 57. c4 axb3 58. axb3 dxc4+ 59. bxc4 bxc4+ 60. Kxc4 Ra6 61. Rb5 Ke6 62. Kc5 Rd6 63. Rb1 Rd5+ 64. Kc4 Rd6 65. Re1+ Kd7 66. d5 Ra6 67. Rh1 Ra4+ 68. Kc5 Ra5+ 69. Kd4 Ra2 70. Rh7+ Kd6 71. Rh6+ Kd7 72. Rh3 Kd6 73. Rd3 Ra5 74. Ke4 Ra4+ 75. Rd4 Ra5 76. Rd3 Ra4+ 77. Kf5 Ra5 78. Ke4 Ra4+ 79. Rd4 Ra5 1/2-1/2

[Event "African Games-chT 2019"]
[Site "Casablanca"]
[Date "2019.08.25"]
[Round "6.9"]
[White "Zaibi, Amir"]
[Black "Oatlhotse, Providence"]
[Result "1-0"]
[ECO "A36"]
[WhiteElo "2367"]
[BlackElo "2252"]
[Annotator "ChessBase"]
[PlyCount "127"]
[EventDate "2019.08.24"]
[EventType "team-tourn"]
[EventCountry "MAR"]
[SourceTitle "playchess.com"]
[Source "ChessBase"]
[SourceQuality "1"]
[WhiteTeam "Tunisia"]
[BlackTeam "Botswana"]
[WhiteTeamCountry "TUN"]
[BlackTeamCountry "BOT"]
[TimeControl "900+10"]

1. c4 c5 2. Nc3 g6 3. g3 Bg7 4. Bg2 Nc6 5. e3 Nf6 6. Nge2 O-O 7. O-O d6 8. b3 Bf5 9. d3 Nb4 10. e4 Bg4 11. f3 Bd7 12. d4 cxd4 13. Nxd4 Qa5 14. Be3 Nc6 15. Rc1 Rfc8 16. Qd2 Nxd4 17. Bxd4 b5 18. cxb5 Bxb5 19. Rfd1 Be8 20. Qb2 Rab8 21. Nd5 Nxd5 22. Bxg7 Ne3 23. Bh6 Rc3 24. Qxc3 Qxc3 25. Rxc3 Nxd1 26. Rd3 Nb2 27. Rd2 Na4 28. bxa4 Bxa4 29. h4 a5 30. Kf2 Bd7 31. e5 Be6 32. exd6 exd6 33. Bf4 a4 34. Bxd6 Rd8 35. a3 f6 36. Bf1 Kf7 37. Bb4 Rb8 38. Rc2 Rb7 39. Bc4 Bxc4 40. Rxc4 h5 41. Rc6 g5 42. hxg5 fxg5 43. Rh6 Rb5 44. Rxh5 Kg6 45. g4 Rd5 46. Rh1 Rd8 47. Rc1 Rh8 48. Rc6+ Kf7 49. Ra6 Rh2+ 50. Kg3 Rc2 51. Rxa4 Kg6 52. Ra6+ Kh7 53. Be7 Re2 54. Bxg5 Rc2 55. a4 Rc5 56. Bf4 Rc4 57. a5 Rb4 58. Rb6 Rc4 59. a6 Ra4 60. Rb7+ Kg6 61. a7 Ra5 62. Be3 Ra3 63. Bf2 Ra1 64. Rb8 1-0

[Event "African Games-chT 2019"]
[Site "Casablanca"]
[Date "2019.08.25"]
[Round "6.10"]
[White "Khetho, Phemelo"]
[Black "Boudriga, Mohamed Ali"]
[Result "1/2-1/2"]
[ECO "C41"]
[WhiteElo "2178"]
[BlackElo "2325"]
[Annotator "ChessBase"]
[PlyCount "192"]
[EventDate "2019.08.24"]
[EventType "team-tourn"]
[EventCountry "MAR"]
[SourceTitle "playchess.com"]
[Source "ChessBase"]
[SourceQuality "1"]
[WhiteTeam "Botswana"]
[BlackTeam "Tunisia"]
[WhiteTeamCountry "BOT"]
[BlackTeamCountry "TUN"]
[TimeControl "900+10"]

1. e4 e5 2. Nf3 d6 3. Nc3 Nf6 4. d4 exd4 5. Nxd4 Be7 6. Be2 O-O 7. O-O Nc6 8. Be3 Re8 9. Re1 h6 10. f3 a6 11. Qd2 Ne5 12. Rad1 Bf8 13. Bf1 c5 14. Nf5 Bxf5 15. exf5 Qb6 16. b3 Qc6 17. Nd5 Nxd5 18. Qxd5 Qxd5 19. Rxd5 Nc6 20. Bd2 Rxe1 21. Bxe1 Rd8 22. g4 Nd4 23. Ba5 Re8 24. c3 Nxf3+ 25. Kg2 Ne5 26. h3 Nc6 27. Bc7 Rc8 28. Bb6 Ne5 29. Ba5 Nd7 30. c4 Ne5 31. Bc3 Nc6 32. Kf2 Rd8 33. Bg2 Be7 34. Rd1 Bf6 35. Bxf6 gxf6 36. Re1 Kf8 37. Bxc6 bxc6 38. Kf3 a5 39. a4 Rb8 40. Re3 d5 41. cxd5 cxd5 42. Rc3 Rc8 43. Rd3 Rd8 44. Rc3 Rc8 45. Rd3 d4 46. Ke4 Rd8 47. Rd1 Ke7 48. Kd3 Kd6 49. Re1 Rb8 50. Kc2 Kd7 51. Rc1 Re8 52. Kd3 Kc6 53. Rh1 Re3+ 54. Kc2 Kd5 55. h4 Rg3 56. g5 fxg5 57. hxg5 hxg5 58. Rh7 c4 59. bxc4+ Kxc4 60. Rxf7 Rg2+ 61. Kc1 Rf2 62. f6 Kd3 63. Rg7 Rxf6 64. Rxg5 Kc3 65. Rc5+ Kb4 66. Rb5+ Kxa4 67. Rb8 Rf5 68. Rd8 Rc5+ 69. Kb2 Rc4 70. Rd7 Kb4 71. Rb7+ Kc5 72. Rd7 a4 73. Ka3 Rc3+ 74. Kxa4 Kc4 75. Rd8 Kd3 76. Kb4 Rc7 77. Kb3 Ke3 78. Re8+ Kd2 79. Rh8 Rc3+ 80. Kb2 Re3 81. Rh4 d3 82. Rh1 Re2 83. Rg1 Rh2 84. Rg8 Ke1+ 85. Kc3 d2 86. Rg1+ Ke2 87. Kc2 Rf2 88. Rd1 Ke3 89. Rh1 Ke2 90. Rd1 Ke3 91. Rh1 Rg2 92. Kd1 Rg3 93. Rf1 Rh3 94. Rg1 Rf3 95. Rh1 Kd3 96. Rh3 Rxh3 1/2-1/2

[Event "African Games-chT 2019"]
[Site "Casablanca"]
[Date "2019.08.25"]
[Round "6.11"]
[White "Marzouk, Amira"]
[Black "Francis, Onkemetse"]
[Result "1/2-1/2"]
[ECO "D00"]
[WhiteElo "1698"]
[BlackElo "1792"]
[Annotator "NA"]
[PlyCount "129"]
[EventDate "2019.08.24"]
[EventType "team-tourn"]
[EventCountry "MAR"]
[SourceTitle "playchess.com"]
[Source "ChessBase"]
[SourceQuality "1"]
[WhiteTeam "Tunisia"]
[BlackTeam "Botswana"]
[WhiteTeamCountry "TUN"]
[BlackTeamCountry "BOT"]
[TimeControl "900+10"]

1. d4 d5 2. Bf4 Nf6 3. e3 c5 4. c3 Bf5 5. Nf3 Qb6 6. Qb3 c4 7. Qxb6 axb6 8. Nbd2 b5 9. h3 h6 10. Ne5 e6 11. Be2 Be7 12. Ndf3 b4 13. Kd2 bxc3+ 14. bxc3 Ne4+ 15. Ke1 Nxc3 16. Nd2 Nd7 17. Nxd7 Kxd7 18. Nxc4 dxc4 19. Bxc4 Bd6 20. Bxd6 Kxd6 21. f3 Rhc8 22. Bb3 Nb5 23. a4 Na7 24. e4 Bh7 25. Kd2 Rc7 26. d5 Rac8 27. dxe6 fxe6 28. Rhd1 Ke7 29. Ke1 Bg8 30. e5 Rc3 31. Rab1 Re3+ 32. Kf2 Rxe5 33. Ba2 Rc7 34. Rd2 Rec5 35. Kg3 Nc6 36. Rdb2 Na5 37. Bb3 Bh7 38. Re1 Nxb3 39. Rxb3 Ra5 40. Rb6 Ra6 41. Rexe6+ Kd7 42. Rxa6 bxa6 43. Rxa6 Bc2 44. a5 g6 45. Ra8 Kc6 46. Kf4 Kb7 47. Rh8 h5 48. Re8 Rc4+ 49. Ke3 Rc5 50. Kd4 Rxa5 51. Re5 Ra6 52. Rb5+ Kc7 53. Rc5+ Rc6 54. Rxc6+ Kxc6 55. Ke5 Bd3 56. h4 Kd7 57. Kf6 Kd6 58. g4 hxg4 59. fxg4 Kd5 60. h5 gxh5 61. gxh5 Kd6 62. h6 Kd5 63. Kg7 Ke5 64. h7 Bxh7 65. Kxh7 1/2-1/2